Map: Winter's Gate LE

Players

pHARM

  • Race: Zerg Zerg
  • League: Platinum
  • Spawn Location: 11:00

Inyubasha - Winner!

  • Race: Protoss Protoss
  • League: Platinum
  • Spawn Location: 5:00

VOD

Have the link to the VOD?

Description

Time

  • Played on: Sept. 14, 2019, 9:46 p.m.
  • Length: 7:04
Show
View Real Time Build Order
Export as new Build Order

pHARM Zerg 

Build Orders: Hatch First 

Get SALT Encoding   

  12  0:02  Drone  
  13  0:12  Overlord  
  13  0:24  Drone  
  14  0:32  Drone x2  
  16  0:50  Hatchery  
  16  0:56  Drone x2  
  17  1:01  Drone  
  18  1:16  Spawning Pool, Drone  
  18  1:18  Drone  
  19  1:33  Drone  
  19  1:35  Extractor  
  19  1:40  Drone  
  20  2:04  Queen x2  
  20  2:05  Overlord  
  20  2:06  Drone x2  
  26  2:19  Drone x2  
  28  2:27  Drone  
  28  2:28  Drone  
  30  2:38  Drone x2  
  34  2:45  Pneumatized Carapace  
  34  2:46  Queen  
  34  2:51  Drone x2  
  36  2:59  Overlord x2  
  36  3:20  Spine Crawler  
  36  3:21  Metabolic Boost  
  36  3:25  Queen  
  37  3:29  Zergling x12  
  37  3:30  Zergling x6  
  46  3:39  Zergling x2  
  46  3:40  Zergling x2  
  48  3:52  Hatchery, Queen  
  49  4:15  Drone  
  49  4:16  Drone x2  
  52  4:17  Overlord x4  
  52  4:57  Zergling x16  
  52  4:58  Zergling x4  
  62  5:19  Spore Crawler  
  57  5:23  Spore Crawler  
  57  5:24  Lair  
  57  5:25  Spore Crawler  
  28  6:13  Spawning Pool  
  21  6:30  Overseer  
  21  6:32  Overseer  
  21  6:35  Extractor  
  21  6:37  Extractor  
Show
View Real Time Build Order
Export as new Build Order

Inyubasha Protoss - Winner!

Build Orders: Dark Templar Rush 

Get SALT Encoding   

  12  0:01  Probe  
  13  0:13  Probe  
  14  0:17  Pylon  
  14  0:26  Probe  
  15  0:38  Probe (Chrono Boost)  
  15  0:39  Gateway  
  16  0:47  Probe (Chrono Boost)  
  16  0:49  Assimilator  
  17  0:52  Probe (Chrono Boost)  
  18  0:58  Assimilator  
  18  1:04  Probe  
  19  1:16  Probe  
  20  1:28  Probe  
  21  1:37  Cybernetics Core  
  21  1:40  Probe  
  21  1:42  Pylon  
  21  1:46  Pylon  
  22  1:52  Probe  
  23  2:04  Probe  
  24  2:13  Warp Gate (Chrono Boost)  
  24  2:15  Sentry  
  26  2:25  Robotics Facility  
  26  2:40  Pylon  
  26  2:51  Twilight Council  
  26  3:13  Warp Prism  
  26  3:18  Gateway  
  28  3:20  Gateway  
  28  3:24  Gateway  
  28  3:30  Dark Shrine  
  28  4:17  Gateway  
  28  4:18  Gateway  
  27  4:44  Gateway  
  27  4:46  Dark Templar x4  
  35  5:06  Pylon  
  35  5:07  Pylon  
  35  5:18  Dark Templar  
  35  5:33  Warp Prism  
  37  6:00  Dark Templar x2  
  37  6:02  Zealot x3  
  37  6:03  Zealot x2  
  49  6:09  Warp Prism  
  51  6:33  Nexus  
  51  6:42  Dark Templar x2  
Tags
 
Add a new tag
Caveats
  • Supply blocks, unpowered buildings, or Contaminate may cause inaccurate times.
  • Supply counts are checked every 10 seconds.